 Dungeon Crawl Stone Soup version 0.29-a0-459-g97dee8cd24 (webtiles) character file.

Game seed: 12514149777228802401

11 lesaewzxc the Conjurer (level 2, -2/15 HPs)
             Began as a Deep Elf Conjurer on May 19, 2022.
             Was an Initiate of Yredelemnul.
             Slain by Natasha (8 damage)
             ... on level 2 of the Dungeon on May 20, 2022.
             The game lasted 00:06:05 (238 turns).

lesaewzxc the Conjurer (Deep Elf Conjurer)           Turns: 238, Time: 00:06:06

Health: -2/15      AC:  2    Str:  4    XL:     2   Next: 17%
Magic:  7/8        EV: 12    Int: 22    God:    Yredelemnul [......]
Gold:   34         SH:  0    Dex: 13    Spells: 6/7 levels left

rFire   . . .      SeeInvis .   d - +0 fustibalus
rCold   . . .      Faith    .   (no shield)
rNeg    . . .      Spirit   .   a - +0 robe
rPois   .          Reflect  .   (no helmet)
rElec   .          Harm     .   (no cloak)
rCorr   .          Rampage  .   (no gloves)
Will    .....                   (no boots)
Stlth   ++........              (no amulet)
HPRegen 0.05/turn               (no ring)
MPRegen 0.11/turn               (no ring)

@: slowed, very slow
A: no striking features
a: Renounce Religion, Recall Undead Harvest


You were on level 2 of the Dungeon.
You worshipped Yredelemnul.
Yredelemnul was noncommittal.
You visited 1 branch of the dungeon, and saw 2 of its levels.

You collected 34 gold pieces.

Inventory:

Hand Weapons
 d - a +0 fustibalus (weapon)
Armour
 a - a +0 robe (worn)
Potions
 b - a potion of magic
 c - a potion of might {unknown}
 e - a potion of mutation {unknown}
 f - a potion of berserk rage {unknown}


   Skills:
 * Level 0.0 Slings
 * Level 2.9 Dodging
 - Level 2.5 Stealth
 * Level 3.4 Spellcasting
 + Level 4.5 Conjurations


You had 6 spell levels left.
You knew the following spells:

 Your Spells              Type           Power      Damage    Failure   Level
a - Magic Dart            Conj           92%        1d7       1%          1

Your spell library contained the following spells:

 Spells                   Type           Power      Damage    Failure   Level
 Searing Ray              Conj           46%        2d6       2%          2
 Necrotize                Necr           12%        1d4       12%         1
 Dazzling Flash           Conj/Hex       26%        N/A       14%         3
 Fulminant Prism          Conj/Hex       6%         3d7       43%         4
 Iskenderun's Mystic Bla  Conj/Tloc      13%        2d5       43%         4


Dungeon Overview and Level Annotations

Branches:
Dungeon (2/15)

Altars:
Yredelemnul

Annotations:
D:2 Natasha


Message History

Natasha claws you. Natasha casts a spell at you.
You feel as though you will be slow longer.
Natasha barely misses you.
Fire: d) +0 fustibalus
Press: ? - help, Shift-Dir - straight line, f/p - Natasha
Aim: Natasha (37% to hit)
You shoot a sling bullet. The sling bullet hits Natasha.
Natasha is lightly wounded.
Natasha closely misses you. Natasha barely misses you.
Unknown command.
Fire: d) +0 fustibalus
Press: ? - help, Shift-Dir - straight line, f/p - Natasha
Aim: Natasha (lightly wounded, 37% to hit)
You shoot a sling bullet. The sling bullet misses Natasha.
Natasha claws you but does no damage. Natasha barely misses you.
Fire: d) +0 fustibalus
Press: ? - help, Q - select action, (/) - cycle Shift-Dir - straight line, f/p - Natasha
Aim: Natasha (lightly wounded, 37% to hit)
You shoot a sling bullet.
The sling bullet closely misses Natasha.
Natasha casts a spell.
Natasha completely misses you. Natasha claws you but does no damage.
Fire: d) +0 fustibalus
Press: ? - help, Q - select action, (/) - cycle Shift-Dir - straight line, f/p - Natasha
Aim: Natasha (lightly wounded, 37% to hit)
Okay, then.
Unknown command.
Your magic is already full.
Okay, then.
Okay, then.
Aiming: Magic Dart (safe; 1% risk of failure)
Press: ? - help, Q - select action, (/) - cycle Shift-Dir - straight line, f/p - Natasha
Aim: Natasha (lightly wounded, 100% to hit)
The magic dart hits Natasha.
Natasha is lightly wounded.
Natasha claws you!
Ouch! That really hurt!
You die...
Your body rises from the dead as a mindless zombie.

.... #.. #..
#.. # #.# .###
#### #5# ....#
#....#.#...#.#
#..h@.......
#.#####.....
... #


You could see Natasha and a shadow imp (summoned).

Vanquished Creatures
  An adder zombie (D:1)
  A hobgoblin (D:1)
  3 ball pythons (D:1)
  A giant cockroach zombie (D:1)
  A kobold (D:1)
  4 rats (D:1)
11 creatures vanquished.

Vanquished Creatures (collateral kills)
  An endoplasm (D:1)
  A giant cockroach (D:1)
  A hobgoblin (D:1)
3 creatures vanquished.

Vanquished Creatures (others)
  An adder zombie (D:1)
  A kobold zombie (D:1)
  A fungus (D:1)
3 creatures vanquished.

Grand Total: 17 creatures vanquished

Notes
Turn   | Place    | Note
-------+----------+-------------------------------------------
     0 | D:1      | lesaewzxc the Deep Elf Conjurer began the quest for the
                  | Orb.
     0 | D:1      | Reached XP level 1. HP: 10/10 MP: 6/6
    16 | D:1      | Found a faded altar of an unknown god.
    58 | D:1      | Got Plato's Almanac of Evil
    61 | D:1      | Upgraded the game from 0.29-a0-451-gfbfa42419e to
                  | 0.29-a0-459-g97dee8cd24
    64 | D:1      | Prayed at the altar of an unknown god.
    64 | D:1      | Became a worshipper of Yredelemnul the Dark
    64 | D:1      | Reached * piety under Yredelemnul
   125 | D:1      | Reached XP level 2. HP: 13/15 MP: 8/8
   230 | D:2      | Noticed Natasha
   238 | D:2      | Slain by Natasha

Illustrated notes

Levels and vault maps discovered:
D:1:      lightli_arrival_chessboard, layout_loops_ring,
          shapermc_ecumenical_altar_rom_forum, minmay_misc_feat_x,
          minmay_nonomino_d4
D:2:      layout_basic, minmay_ruptured, uniq_natasha

Action                   || total
-------------------------++-------
Melee: Unarmed           ||     5
 Fire: Fustibalus        ||    17
 Cast: Magic Dart        ||     9
  Use: Scroll            ||     1
Armor: Robe              ||     5
Dodge: Dodged            ||    14

Table legend: (Time is in decaauts)
 A = Elapsed time spent in this place.
 B = Non-inter-level travel time spent in this place.
 C = Inter-level travel time spent in this place.
 D = Time resting spent in this place.
 E = Time spent auto-exploring this place.
 F = Levels seen in this place.
 G = Mean time per level.
                   A        B        C        D        E       F      G
               +--------+--------+--------+--------+--------+-----+--------+
         Total |    251 |    237 |     14 |      0 |      0 |   2 |  125.5 |
       Dungeon |    251 |    237 |     14 |      0 |      0 |   2 |  125.5 |
               +--------+--------+--------+--------+--------+-----+--------+

Top non-repeatable levels by time:
     D:1: 235 daAuts
     D:2: 16 daAuts
